 Dungeon Crawl Stone Soup version 0.22-a0-322-g60b3cfd (webtiles) character file.

32 Kairos the Covered (level 3, -1/30 HPs)
             Began as a Barachi Fighter on Apr 5, 2018.
             Slain by an adder (4 damage)
             ... on level 2 of the Dungeon.
             The game lasted 00:01:10 (1057 turns).

Kairos the Covered (Barachi Fighter)                Turns: 1057, Time: 00:01:11

Health: -1/30      AC:  7    Str: 17    XL:     3   Next: 25%
Magic:  3/3        EV:  7    Int:  8    God:
Gold:   62         SH:  9    Dex: 12    Spells: 2/2 levels left

rFire    x . .     SeeInvis +   a - +0 flail
rCold    + . .     Gourm    .   c - +0 shield
rNeg     . . .     Faith    .   b - +0 scale mail
rPois    .         Spirit   .   (no helmet)
rElec    .         Reflect  .   (no cloak)
rCorr    .         Harm     .   (no gloves)
MR       .....                  (no boots)
Stlth    ..........             (no amulet)
HPRegen  0.10/turn              e - ring of ice
MPRegen  0.08/turn              h - ring of see invisible

@: lethally poisoned (-1 -> -19), slow
A: +LOS, swims, slowness 1, strong legs 1
a: Hop


You were on level 2 of the Dungeon.
You were very hungry.

You visited 1 branch of the dungeon, and saw 2 of its levels.

You collected 62 gold pieces.

Inventory:

Hand Weapons
 a - a +0 flail (weapon)
Armour
 b - a +0 scale mail (worn)
 c - a +0 shield (worn)
Jewellery
 e - a ring of ice (left hand)
 h - a ring of see invisible (right hand)
Scrolls
 i - 2 scrolls of blinking {unknown}
 j - 3 scrolls of teleportation {unknown}
 l - a scroll of noise {unknown}
Potions
 d - a potion of might
 g - a potion of resistance {unknown}
 k - a potion of lignification {unknown}
 m - a potion of mutation {unknown}
Comestibles
 f - a ration


   Skills:
 + Level 3.9 Fighting
 + Level 3.1 Maces & Flails
 + Level 4.0 Armour
 + Level 3.5 Shields


You had 2 spell levels left.
You didn't know any spells.

Dungeon Overview and Level Annotations

Branches:
Dungeon (2/15)

Altars:


Innate Abilities, Weirdness & Mutations

Shadows flee at your approach. (+LOS)
You can swim through water.
You cover ground slowly.
You can hop short distances.


Message History

You block the adder's attack. The adder bites you.
You are more poisoned.
The adder poisons you!
Your shield prevents you from hitting the adder.
The adder is severely wounded.
You feel sick. The adder closely misses you.
You miss the adder.
The adder is severely wounded.
You feel sick. The adder bites you but does no damage. The adder bites you.
* * * LOW HITPOINT WARNING * * *
You are lethally poisoned!
The adder poisons you!
You closely miss the adder.
The adder is severely wounded.
* * * LOW HITPOINT WARNING * * *
You feel sick. The adder bites you.
* * * LOW HITPOINT WARNING * * *
You are more poisoned.
The adder poisons you! The adder bites you.
You die...

### ..#
###########.####.#
.................#
####..#<##@#....#
# #..#S# #.#
#..#.. #.##<#.
#(...... #.#### ##
#.. ###


You could see an adder.

Vanquished Creatures
  An ooze (D:1)
  2 leopard geckos (D:1)
  A giant cockroach (D:1)
  4 goblins (D:1)
  6 hobgoblins (D:1)
  A kobold (D:1)
  A ball python (D:1)
  2 bats (D:1)
  3 frilled lizards (D:1)
  3 rats (D:1)
24 creatures vanquished.

Notes
Turn   | Place    | Note
-------+----------+-------------------------------------------
     0 | D:1      | Kairos the Barachi Fighter began the quest for the Orb.
     0 | D:1      | Reached XP level 1. HP: 18/18 MP: 1/1
    85 | D:1      | Reached XP level 2. HP: 15/25 MP: 2/2
   609 | D:1      | Reached XP level 3. HP: 30/30 MP: 3/3
   683 | D:1      | Reached skill level 4 in Armour
  1057 | D:2      | Slain by an adder

Vault maps used:
D:1:      tarquinn_simple_flora_water_f, minmay_ruptured
D:2:      elyvilon_altar_4, lemuel_statue_altar

Skill      XL: |  1  2  3 |
---------------+----------+-----
Maces & Flails | 3 |  3.1
Armour         | 4 |  4.0
Fighting       | |  3.9
Shields        | |  3.5

Action                   || total
-------------------------++-------
Melee: Flail             ||   105
Armor: Scale mail        ||    56
Dodge: Dodged            ||    38
Block: Shield            ||    74

Table legend:
 A = Spawn XP
 B = Non-spawn XP
 C = Spawn XP percentage of total XP
 D = Spawn monster count
 E = Non-spawn monster count
 F = Spawn count percentage of total count
 G = Total turns spent on level
                    A         B        C        D         E        F      G
               +---------+---------+-------+---------+---------+-------+---------
         Total |       0 |      46 |   0.0 |       0 |      24 |   0.0 |  1057
               +---------+---------+-------+---------+---------+-------+---------
           D:1 |       0 |      46 |   0.0 |       0 |      24 |   0.0 |  1037
               +---------+---------+-------+---------+---------+-------+---------
